 Dungeon Crawl Stone Soup version 0.24.0-125-gc4c63601f3 (webtiles) character file.

Game seed: 2683965370431600407, levelgen mode: deterministic

778741 Peloso the Minotaur Barricade (level 27, -6/273 HPs)
             Began as a Minotaur Fighter on Mar 16, 2020.
             Was the Champion of Okawaru.
             Killed from afar by a hellion (14 damage)
             ... with damnation
             ... in Pandemonium on Mar 17, 2020.
             The game lasted 05:25:32 (98666 turns).

Peloso the Minotaur Barricade (Minotaur Fighter)   Turns: 98666, Time: 05:25:34

Health: -6/273     AC: 41    Str: 36    XL:     27
Magic:  34/34      EV: 19    Int: 15    God:    Okawaru [******]
Gold:   1732       SH: 23    Dex: 13    Spells: 26/26 levels left

rFire    + + +     SeeInvis +   a - +7 Singing Sword {slice, sonic wave}
rCold    + . .     Gourm    .   L - +3 shield of Fegufer {-Cast rElec rCorr Int+5}
rNeg     + + .     Faith    .   i - +9 storm dragon scales "Jausesiz" {rElec rC+ rN+ Regen+ Int+3}
rPois    +         Spirit   .   t - +2 hat {MR+}
rElec    +         Reflect  .   M - scarf {cloud immunity}
rCorr    +         Harm     .   A - +2 pair of gloves "Xapuiv" {rF+ Regen+ Dex+3}
MR       +++++     Clarity  +   u - +2 pair of boots {run} Stlth ++++......NoCast +
                                c - amulet of the Four Winds {rN+ MR+++ Clar}
HPRegen  1.35/turn              H - ring of Doubts {rElec rF++ Int+2 Dex-3 SInv}
MPRegen  0.24/turn              n - ring of a Thousand Wonders {rPois Str+7 Stlth+}

@: quick
A: retaliatory headbutt, hooves 1, horns 2, thin skeletal structure 1, blurry
vision 2, clarity, clumsy 1, screaming 1, weak 1, evolution 2, no potion heal 1
}: 5/15 runes: decaying, slimy, silver, demonic, gossamer
a: Heroism, Finesse, Renounce Religion


You were in Pandemonium.
You worshipped Okawaru.
Okawaru was exalted by your worship.
You were hungry.

You visited 12 branches of the dungeon, and saw 58 of its levels.
You visited Pandemonium 1 time, and saw 3 of its levels.
You visited the Abyss 1 time.
You visited 1 bazaar.
You visited 1 ziggurat, and saw 1 of its levels.
You also visited: Sewer and Desolation.

You collected 9656 gold pieces.
You spent 7924 gold pieces at shops.

Inventory:

Hand Weapons
 a - the +7 Singing Sword (weapon) {slice, sonic wave}
   (Okawaru gifted it to you on level 5 of the Depths)

   It inflicts extra damage upon your enemies.
 b - a +9 double sword of flaming
 S - a +2 demon blade of flaming
Armour
 i - the +9 storm dragon scales "Jausesiz" (worn) {rElec rC+ rN+ Regen+ Int+3}
   (You bought it in a shop on level 2 of the Orcish Mines)

   It affects your intelligence (+3).
   It protects you from cold.
   It insulates you from electricity.
   It protects you from negative energy.
   It increases your rate of regeneration.
 t - a +2 hat of magic resistance (worn)
 u - a +2 pair of boots of running (worn)
 A - the +2 pair of gloves "Xapuiv" (worn) {rF+ Regen+ Dex+3}
   (Okawaru gifted it to you on level 2 of the Depths)

   It affects your dexterity (+3).
   It protects you from fire.
   It increases your rate of regeneration.
 L - the +3 shield of Fegufer (worn) {-Cast rElec rCorr Int+5}
   (Okawaru gifted it to you on level 5 of the Vaults)

   It affects your intelligence (+5).
   It insulates you from electricity.
   It prevents spellcasting.
   It provides partial protection from all sources of acid and corrosion.
 M - a scarf of cloud immunity (worn)
Jewellery
 c - the amulet of the Four Winds (around neck) {rN+ MR+++ Clar}
   (You bought it in a shop on level 1 of the Depths)

   [amulet of nothing]

   It protects you from negative energy.
   It affects your resistance to hostile enchantments.
   It protects you against confusion.
 n - the ring of a Thousand Wonders (right hand) {rPois Str+7 Stlth+}
   (You bought it in a shop on level 1 of the Depths)

   [ring of poison resistance]

   It affects your strength (+7).
   It protects you from poison.
   It makes you more stealthy.
 H - the ring of Doubts (left hand) {rElec rF++ Int+2 Dex-3 SInv}
   (You found it in the Desolation of Salt)

   [ring of see invisible]

   It affects your intelligence (+2).
   It affects your dexterity (-3).
   It greatly protects you from fire.
   It insulates you from electricity.
   It lets you see invisible.
Wands
 z - a wand of disintegration (17)
 E - a wand of paralysis (5)
 G - a wand of scattershot (5)
Scrolls
 g - 25 scrolls of remove curse
 h - 3 scrolls of summoning
 k - 9 scrolls of teleportation
 m - 18 scrolls of identify
 p - 8 scrolls of blinking
 y - a scroll of enchant weapon
 D - a scroll of fog
 N - a scroll of acquirement
 O - 7 scrolls of magic mapping
 P - 9 scrolls of fear
 Q - a scroll of enchant armour
 W - 6 scrolls of noise
Potions
 d - 12 potions of might
 e - 4 potions of heal wounds
 q - a potion of cancellation
 r - 19 potions of curing
 s - 7 potions of haste
 w - 5 potions of agility
 x - 4 potions of berserk rage
 B - a potion of invisibility
 C - a potion of flight
 J - 5 potions of resistance
 U - a potion of brilliance
Miscellaneous
 j - a crystal ball of energy
 l - a crystal ball of energy
 o - a crystal ball of energy
 v - a crystal ball of energy
 F - a crystal ball of energy
 I - a crystal ball of energy
 K - a crystal ball of energy
 R - a crystal ball of energy
 Y - a crystal ball of energy
 Z - a crystal ball of energy
Comestibles
 f - 60 rations


   Skills:
 O Level 27 Fighting
 O Level 27 Long Blades
 O Level 27 Armour
 + Level 15.1 Dodging
 + Level 12.4 Stealth
 O Level 27 Shields
 + Level 17.3 Invocations
 + Level 2.1 Evocations


You had 26 spell levels left.
You didn't know any spells.
Your spell library contained the following spells:

 Spells                   Type           Power        Failure   Level  Hunger
 Animate Skeleton         Necr           N/A          43%         1    ##.....
 Apportation              Tloc           #.....       43%         1    ##.....
 Beastly Appendage        Tmut           #.....       43%         1    ##.....
 Confusing Touch          Hex            #.....       43%         1    ##.....
 Corona                   Hex            #......      43%         1    ##.....
 Flame Tongue             Conj/Fire      #....        43%         1    ##.....
 Infusion                 Chrm           #...         43%         1    ##.....
 Magic Dart               Conj           #...         43%         1    ##.....
 Pain                     Necr           #...         43%         1    ##.....
 Sandblast                Erth           #.....       43%         1    ##.....
 Shock                    Conj/Air       #...         43%         1    ##.....
 Sting                    Conj/Pois      #...         43%         1    ##.....
 Summon Butterflies       Summ           #.......     43%         1    ##.....
 Summon Small Mammal      Summ           #...         43%         1    ##.....
 Blink                    Tloc           N/A          58%         2    ###....
 Call Imp                 Summ           #.......     58%         2    ###....
 Corpse Rot               Necr           N/A          58%         2    ###....
 Ensorcelled Hibernation  Hex/Ice        #.....       58%         2    ###....
 Passwall                 Tmut/Erth      #.......     58%         2    ###....
 Poisonous Vapours        Pois/Air       #.....       58%         2    ###....
 Searing Ray              Conj           #.....       58%         2    ###....
 Shroud of Golubria       Chrm/Tloc      #.....       58%         2    ###....
 Slow                     Hex            #.......     58%         2    ###....
 Song of Slaying          Chrm           #.......     58%         2    ###....
 Sticks to Snakes         Tmut           #.......     58%         2    ###....
 Sublimation of Blood     Necr           #.........   58%         2    ###....
 Swiftness                Chrm/Air       #.......     58%         2    ###....
 Throw Flame              Conj/Fire      #.....       58%         2    ###....
 Call Canine Familiar     Summ           #.......     82%         3    ####...
 Confuse                  Hex            #.......     82%         3    ####...
 Conjure Flame            Conj/Fire      #.......     82%         3    ####...
 Dazzling Spray           Conj/Hex       #.....       82%         3    ####...
 Gell's Gravitas          Tloc           #.........   82%         3    ####...
 Ignite Poison            Fire/Tmut/Pois #.......     82%         3    ####...
 Inner Flame              Hex/Fire       #.......     82%         3    ####...
 Lesser Beckoning         Tloc           #.........   82%         3    ####...
 Mephitic Cloud           Conj/Pois/Air  #.......     82%         3    ####...
 Ozocubu's Armour         Chrm/Ice       #.......     82%         3    ####...
 Portal Projectile        Hex/Tloc       #.....       82%         3    ####...
 Recall                   Summ/Tloc      N/A          82%         3    ####...
 Regeneration             Chrm/Necr      #.........   82%         3    ####...
 Spectral Weapon          Hex/Chrm       #.......     82%         3    ####...
 Spider Form              Tmut/Pois      #.........   82%         3    ####...
 Static Discharge         Conj/Air       #.......     82%         3    ####...
 Stone Arrow              Conj/Erth      #.....       82%         3    ####...
 Summon Guardian Golem    Hex/Summ       #.......     82%         3    ####...
 Teleport Other           Tloc           #.......     82%         3    ####...
 Tukima's Dance           Hex            #.......     82%         3    ####...
 Vampiric Draining        Necr           #.........   82%         3    ####...
 Airstrike                Air            #.........   99%         4    #####..
 Animate Dead             Necr           N/A          99%         4    #####..
 Cause Fear               Hex            #.........   99%         4    #####..
 Force Lance              Conj/Tloc      #.......     99%         4    #####..
 Fulminant Prism          Conj/Hex       #.........   99%         4    #####..
 Ice Form                 Ice/Tmut       #.......     99%         4    #####..
 Iskenderun's Mystic Bla  Conj           #.......     99%         4    #####..
 Leda's Liquefaction      Hex/Erth       #.........   99%         4    #####..
 Olgreb's Toxic Radiance  Pois           #.......     99%         4    #####..
 Passage of Golubria      Tloc           N/A          99%         4    #####..
 Petrify                  Tmut/Erth      #.......     99%         4    #####..
 Sticky Flame             Conj/Fire      #.......     99%         4    #####..
 Summon Ice Beast         Ice/Summ       #.......     99%         4    #####..
 Summon Lightning Spire   Summ/Air       #.......     99%         4    #####..
 Agony                    Necr           #.......     100%        5    ######.
 Alistair's Intoxication  Tmut/Pois      #.......     100%        5    ######.
 Aura of Abjuration       Summ           #.........   100%        5    ######.
 Blade Hands              Tmut           #.........   100%        5    ######.
 Bolt of Draining         Conj/Necr      #.........   100%        5    ######.
 Bolt of Magma            Conj/Fire/Erth #.........   100%        5    ######.
 Borgnjor's Vile Clutch   Necr/Erth      #.........   100%        5    ######.
 Dispel Undead            Necr           #.......     100%        5    ######.
 Excruciating Wounds      Chrm/Necr      #.........   100%        5    ######.
 Fireball                 Conj/Fire      #.........   100%        5    ######.
 Iskenderun's Battlesphe  Conj/Chrm      #.......     100%        5    ######.
 Lee's Rapid Deconstruct  Erth           #.........   100%        5    ######.
 Lightning Bolt           Conj/Air       #.........   100%        5    ######.
 Metabolic Englaciation   Hex/Ice        #.........   100%        5    ######.
 Silence                  Hex/Air        #.........   100%        5    ######.
 Summon Demon             Summ           #.........   100%        5    ######.
 Summon Forest            Summ/Tloc      #.........   100%        5    ######.
 Summon Mana Viper        Hex/Summ       #.......     100%        5    ######.
 Venom Bolt               Conj/Pois      #.........   100%        5    ######.
 Yara's Violent Unravell  Hex/Tmut       #.........   100%        5    ######.
 Bolt of Cold             Conj/Ice       #.........   100%        6    #######
 Bolt of Fire             Conj/Fire      #.........   100%        6    #######
 Conjure Ball Lightning   Conj/Air       #.........   100%        6    #######
 Darkness                 Hex            #.........   100%        6    #######
 Death Channel            Necr           #.........   100%        6    #######
 Deflect Missiles         Chrm/Air       #.........   100%        6    #######
 Dispersal                Tloc           #.........   100%        6    #######
 Freezing Cloud           Conj/Ice/Air   #.........   100%        6    #######
 Hydra Form               Tmut           #.........   100%        6    #######
 Invisibility             Hex            #.......     100%        6    #######
 Iron Shot                Conj/Erth      #.........   100%        6    #######
 Ozocubu's Refrigeration  Ice            #.........   100%        6    #######
 Shadow Creatures         Summ           N/A          100%        6    #######
 Simulacrum               Ice/Necr       #.........   100%        6    #######
 Statue Form              Tmut/Erth      #........    100%        6    #######
 Orb of Destruction       Conj           #.........   100%        7    #######
 Ring of Flames           Chrm/Fire      #.........   100%        7    #######
 Spellforged Servitor     Conj/Summ      #.........   100%        7    #######
 Summon Hydra             Summ           #.........   100%        7    #######
 Borgnjor's Revivificati  Necr           #.........   100%        8    #######
 Controlled Blink         Tloc           N/A          100%        8    #######
 Discord                  Hex            #.........   100%        8    #######
 Disjunction              Tloc           #.........   100%        8    #######
 Ignition                 Fire           #.........   100%        8    #######
 Shatter                  Erth           #.........   100%        9    #######
 Tornado                  Air            #.........   100%        9    #######


Dungeon Overview and Level Annotations

Branches:
Dungeon (15/15)            Temple (1/1) D:6            Lair (6/6) D:8
  Swamp (4/4) Lair:4       Spider (4/4) Lair:4        Slime (5/5) Lair:5
    Orc (2/2) D:12            Elf (3/3) Orc:2        Vaults (5/5) D:13
  Crypt (3/3) Vaults:2       Tomb (0/3) Crypt:3      Depths (5/5) D:15
    Zot (5/5) Depths:5      Sewer (visited)         Desolation (visited)

Altars:
Ashenzari
Cheibriados
Dithmenos
Elyvilon
Fedhas
Gozag
Hepliaklqana
Kikubaaqudgha
Makhleb
Okawaru
Qazlal
Ru
Trog
Uskayaw
Vehumet
Wu Jian
Xom
Yredelemnul
Zin
The Shining One
Jiyva
Lugonu

Shops:
D:4 (   D:6 *   D:9 !   Orc:2 ?}[(   Vaults:1 ?   Vaults:2 [   Vaults:3 (
Vaults:5 %!?!!!!%%   Depths:1 }==   Depths:4 [([

Portals:
Hell: Depths:1 Depths:2 Depths:3 Depths:4 Depths:5
Abyss: Depths:1 Depths:2 Depths:3 Depths:4
Pandemonium: Depths:1 Depths:3


Innate Abilities, Weirdness & Mutations

You reflexively headbutt those who attack you in melee.
You have a pair of horns on your head.
You have large cloven feet.
You have a somewhat thin skeletal structure. (Dex +2, Stealth)
Scrolls take you longer to read.
You possess an exceptional clarity of mind.
You are clumsy. (Dex -2)
You occasionally shout uncontrollably at your foes.
You are weak. (Str -2)
You rapidly evolve.
Potions are less effective at restoring your health.


Message History

Press: ? - help, Shift-Dir - straight line, f/p - hellion
Aim: a hellion (almost dead, chance to defeat MR: 40%)
The hellion resists with some effort.
The hellion gestures at you.
The sphere of damnation explodes!
The damnation engulfs you!!
* * * LOW HITPOINT WARNING * * *
The hellion gestures at you.
The sphere of damnation explodes!
The damnation engulfs you!
* * * LOW HITPOINT WARNING * * *
Evoke which item? (* to show all) (? for menu, Esc to quit)
Aiming: Disintegrate
Press: ? - help, Shift-Dir - straight line, f - hellion
Aim: a hellion (black smoke, chance to defeat MR: 40%)
The hellion resists with some effort.
The hellion gestures at you.
The sphere of damnation explodes!
The damnation engulfs you!!!
* * * LOW HITPOINT WARNING * * *
The hellion gestures at you.
The sphere of damnation explodes!
The damnation engulfs you!
You die...

#..# #.... #..# #....
##############..#############....
.................................
.................................
###############..###########..###
#..# #..# #..# #..# #∩@# #..#
###############..###########..###
.................................
...................§§≈§≈.........
..................≈§§≈≈≈≈...#####
................§§§§§≈≈≈≈≈≈≈.####
...............§§§≈§≈22§≈≈≈≈.....
...............§≈≈§2222≈≈≈≈≈≈....
.............§§≈≈≈.2..22.≈≈≈≈....


You could see 3 hellions.

Vanquished Creatures
  the Royal Jelly (Slime:5)
  4 orbs of fire
  The ghost of Kexkiarone the Omniscient, a legendary HOMo of Ashenzari (Zot:1)
  7 ancient liches
  Mennas (Vaults:4)
  3 pandemonium lords (Pan)
  Sojobo (Depths:2)
  8 Killer Klowns
  Bai Suzhen (Vaults:3)
  2 curse toes
  Jory (Vaults:3)
  14 golden dragons
  A shard shrike zombie (Crypt:1)
  4 bone dragons
  4 electric golems
  A Tzitzimitl (Pan)
  20 tentacled monstrosities
  Rupert (D:14)
  25 Orb Guardians (Zot:5)
  A hellephant (Pan)
  An Ice Fiend (Pan)
  8 liches
  The ghost of lenfi the Warrior, an adept TrMo of Trog (Elf:3)
  15 quicksilver dragons
  3 titans
  4 Executioners
  A sphinx (Vaults:5)
  Gastronok (Lair:2)
  2 tentacled starspawn (Abyss:3)
  10 death cobs
  7 ancient champions
  Agnes (Depths:2)
  4 thorn hunters
  26 acid blobs
  9 azure jellies
  2 draconian monks
  The ghost of thethe the Eclecticist, an adept SpWz of Vehumet (Swamp:1)
  Roxanne (Spider:1)
  18 storm dragons
  11 shadow dragons
  10 fire giants
  Donald (Vaults:2)
  7 tengu reavers
  An iron dragon (Vaults:5)
  4 imperial myrmidons (Desolation)
  2 revenants (Crypt:1)
  2 blood saints (Pan)
  12 frost giants
  3 balrugs (Pan)
  4 draconian scorchers
  16 vault wardens
  8 draconian knights
  6 ghost moths
  Louise (D:14)
  10 deep elf sorcerers
  3 emperor scorpions (Spider:4)
  5 cacodemons
  3 deep elf elementalists
  5 curse skulls
  2 ghouls (Crypt:3)
  3 warmongers (Pan)
  10 draconian annihilators
  Aizul (Vaults:1)
  4 draconian shifters
  19 ironheart preservers
  3 reapers (Pan)
  A war gargoyle (Vaults:4)
  12 stone giants
  4 draconian stormcallers
  2 corrupters (Pan)
  The ghost of dragonscale333 the Severer, a journeyman HOFi of Makhleb (Lair:2)
  17 very ugly things
  A juggernaut skeleton (Depths:3)
  4 green draconians
  9 vampire knights
  2 black suns (Pan)
  2 lorocyprocas (Pan)
  3 entropy weavers
  4 deep elf demonologists (Elf:3)
  9 purple draconians
  11 yellow draconians
  8 deep elf annihilators
  10 black draconians
  3 halazid warlocks (Desolation)
  11 red draconians
  6 spark wasps
  An eidolon (Crypt:2)
  18 white draconians
  Azrael (Orc:2)
  A blizzard demon (Pan)
  13 ettins
  10 deep elf high priests
  7 death oozes
  10 deep elf death magi
  15 yaktaur captains
  Snorg (D:12)
  2 green deaths (Pan)
  10 fire dragons
  7 ragged hierophants (Desolation)
  Fannar (Lair:1)
  A quicksilver dragon zombie (Crypt:2)
  3 servants of whispers (Desolation)
  6 jiangshi
  3 shambling mangroves
  A naga warrior (Abyss:3)
  A quicksilver dragon skeleton (Crypt:3)
  5 rakshasas
  37 vault guards
  Harold (D:8)
  16 ice dragons
  5 monstrous demonspawn
  A juggernaut simulacrum (Depths:3)
  29 hydras
  13 great orbs of eyes
  9 peacekeepers (Desolation)
  30 two-headed ogres
  A spriggan air mage (Depths:5)
  6 ogre magi
  10 centaur warriors
  3 deep troll shamans
  24 alligators
  23 dancing weapons
  2 vampire magi
  3 death knights
  A two-headed ogre (shapeshifter) (D:15)
  8 death scarabs (Spider:4)
  5 tengu warriors
  6 hell hogs
  7 deep troll earth magi
  4 spriggan berserkers
  7 thrashing horrors
  Urug (Orc:2)
  8 soul eaters
  14 sun demons
  24 deep elf knights
  4 shadow wraiths
  29 skeletal warriors
  Nergalle (Lair:1)
  24 large abominations
  An iron troll (Orc:1)
  4 wretched stars (Abyss:3)
  6 sixfirhies
  7 hell knights
  3 spatial maelstroms
  4 titan skeletons
  2 gelid demonspawn (Pan)
  3 glowing orange brains
  An infernal demonspawn (Pan)
  3 spectral hydras (Swamp:1)
  5 wizards
  12 swamp dragons
  19 phantasmal warriors
  12 unseen horrors
  An obsidian statue (Zot:5)
  23 deep trolls
  12 orc knights
  6 shadow demons
  2 spriggan druids
  A spectral wolf spider (Spider:4)
  10 flayed ghosts
  10 starcursed masses
  A lindwurm (shapeshifter) (Vaults:5)
  14 ironbrand convokers
  Pikel (D:4)
  3 anaconda skeletons
  18 deep elf archers
  5 wolf spider zombies
  74 deep elf magi
  4 oklob plants (Lair:1)
  2 orc sorcerers
  A wolf spider (shapeshifter) (Vaults:4)
  A shining eye (shapeshifter) (Vaults:5)
  A frost giant zombie (Crypt:1)
  9 cyclopes
  9 necromancers
  63 ugly things
  19 wolf spiders
  2 shadow dragon skeletons
  A manticore (shapeshifter) (Depths:3)
  6 shining eyes
  2 iron dragon skeletons (Crypt:1)
  4 salamanders
  15 orb spiders
  2 frost giant skeletons (Crypt:1)
  7 manticores
  18 vault sentinels
  6 human skeletons
  27 moths of wrath
  A fire giant skeleton (Crypt:1)
  2 shock serpent zombies
  5 molten gargoyles
  3 stone giant skeletons
  7 guardian serpents
  2 black mambas
  10 smoke demons
  2 black mambas (shapeshifter)
  2 eyes of devastation (shapeshifter)
  3 eyes of devastation
  A torpor snail (Spider:3)
  A torpor snail (shapeshifter) (Vaults:3)
  4 hellions (Pan)
  A catoblepas zombie (Crypt:1)
  A yaktaur zombie (Vaults:5)
  An alligator snapping turtle zombie (Crypt:2)
  A red draconian zombie (Crypt:2)
  5 komodo dragons
  26 spiny frogs
  4 orange demons
  A rime drake (shapeshifter) (Vaults:5)
  A spectral redback (Spider:4)
  A swamp worm zombie (Crypt:1)
  7 freezing wraiths
  A komodo dragon (shapeshifter) (D:14)
  A yellow draconian zombie (Crypt:2)
  7 tormentors (Pan)
  2 human zombies
  3 efreet (Abyss:3)
  14 small abominations
  7 hellwings
  7 ancient zymes
  7 demonic crawlers
  27 yaktaurs
  An iron troll zombie (Crypt:2)
  A dire elephant skeleton (Crypt:1)
  5 tengu conjurers
  A guardian mummy (Crypt:1)
  2 harpy zombies
  3 redback zombies
  A silent spectre (Abyss:3)
  16 trolls
  5 ice devils
  24 jumping spiders
  A meliai (shapeshifter) (Vaults:4)
  A queen bee (D:12)
  2 golden dragon simulacra
  14 tyrant leeches
  2 polar bears (shapeshifter)
  3 wind drakes (Depths:2)
  A polar bear (Lair:6)
  3 red devils
  A merfolk (shapeshifter) (Depths:1)
  4 spectral jumping spiders (Spider:4)
  17 bog bodies
  3 meliai (D:12)
  5 spectral tarantellas (Spider:4)
  30 hornets
  2 jumping spider zombies (Spider:4)
  105 slime creatures
  A harpy skeleton (Crypt:1)
  51 saltlings (Desolation)
  An ettin zombie (Abyss:1)
  2 fire dragon zombies (Abyss:1)
  7 raiju
  11 dream sheep
  30 blink frogs
  A stone giant simulacrum (Vaults:3)
  12 hippogriffs
  A meliai zombie (D:12)
  12 water elementals
  2 vampires
  7 spriggans
  17 flying skulls
  A guardian serpent skeleton (Crypt:2)
  6 shadows
  A frost giant simulacrum (Depths:3)
  An ice dragon skeleton (Crypt:1)
  A centaur simulacrum (D:14)
  69 redbacks
  30 tarantellas
  Sigmund (D:6)
  A redback (shapeshifter) (Vaults:5)
  A spriggan skeleton (Depths:2)
  4 air elementals
  A hog (shapeshifter) (Depths:1)
  A tarantella (shapeshifter) (Vaults:3)
  A basilisk (shapeshifter) (D:15)
  9 wraiths
  14 ynoxinuls
  A fire dragon skeleton (Crypt:3)
  11 fire elementals
  53 yaks
  5 golden eyes (Abyss:3)
  A human (shapeshifter) (Vaults:2)
  A wyvern (D:9)
  4 fire bats
  A golden eye (shapeshifter) (Depths:1)
  20 humans (D:13)
  20 neqoxecs
  3 basilisks
  3 steam dragons
  A tyrant leech zombie (Crypt:2)
  3 hungry ghosts
  30 vampire mosquitoes
  11 chaos spawn
  7 insubstantial wisps (Swamp:3)
  18 swamp worms
  A naga (Abyss:3)
  A spatial vortex (Abyss:2)
  A warg (shapeshifter) (Depths:3)
  5 wargs
  An acid dragon (D:14)
  2 hydra simulacra (Swamp:1)
  10 hell hounds
  A torturous demonspawn skeleton (Crypt:2)
  A spectral hornet (Spider:4)
  16 water moccasins
  9 porcupines
  2 floating eyes
  A merfolk skeleton (Crypt:1)
  31 orc warriors
  2 infernal demonspawn skeletons (Crypt:1)
  4 sky beasts
  6 ice beasts
  A black bear (D:7)
  11 eyes of draining
  2 ettin simulacra
  3 phantoms
  15 swamp drakes
  2 necrophages
  A hornet zombie (Spider:4)
  35 ogres
  4 wolves
  2 manticore skeletons (Crypt:1)
  9 boggarts
  11 crocodiles
  28 centaurs
  7 big kobolds
  Blork the orc (D:5)
  29 bullfrogs
  A draconian zombie (Crypt:3)
  A gnoll sergeant (D:12)
  10 earth elementals
  2 spiny frog simulacra
  A water moccasin skeleton (D:7)
  3 scorpions
  24 killer bees
  12 wights
  2 howler monkeys (D:7)
  A wolf zombie (Crypt:1)
  10 electric eels
  8 crimson imps
  8 centaur zombies
  5 quasits
  2 human simulacra
  6 centaur skeletons
  7 jellies
  15 orc priests
  Crazy Yiuf (D:3)
  9 hounds
  2 iron imps
  23 orc wizards
  3 bullfrog skeletons
  A spectral swamp drake (Swamp:1)
  7 iguanas
  Terence (D:3)
  10 worker ants
  A sky beast zombie (Crypt:1)
  A tengu zombie (Crypt:1)
  A big kobold skeleton (Crypt:3)
  A felid skeleton (Crypt:1)
  A hound zombie (D:5)
  A crocodile skeleton (Crypt:1)
  A deep dwarf skeleton (Crypt:3)
  2 hound skeletons
  6 mummies (Crypt:1)
  A worker ant zombie (D:11)
  12 gnolls
  A howler monkey skeleton (D:4)
  15 adders
  A river rat (shapeshifter) (Vaults:4)
  A swamp drake skeleton (Crypt:1)
  6 shadow imps
  2 white imps
  4 ufetubi
  3 oozes
  3 adder skeletons
  An adder zombie (D:8)
  5 worms
  9 leopard geckos
  85 orcs
  4 ball pythons
  6 giant cockroaches
  11 goblins
  9 hobgoblins
  19 jackals
  17 kobolds
  5 quokkas
  A ball python zombie (Crypt:3)
  7 bats
  8 frilled lizards
  A quokka skeleton (D:7)
  10 rats
  A river rat skeleton (Crypt:1)
  2 briar patches (Swamp:4)
  A butterfly (Lair:1)
  3 fire vortices (Depths:2)
  2 fungi
  A lurking horror (Abyss:3)
  12 pillars of salt (Vaults:4)
  30 plants
  A starspawn tentacle (Abyss:3)
3083 creatures vanquished.

Vanquished Creatures (others)
  A deep elf master archer (Elf:3)
  2 stone giants
  2 yaktaur captains
  2 centaur warriors
  A hell hog (Depths:2)
  A shadow wraith (Vaults:3)
  2 deep elf archers
  9 yaktaurs
  2 saltlings (Desolation)
  A spriggan (Swamp:3)
  A fire bat (Pan)
  A naga (Abyss:3)
  A hell hound (Orc:2)
  A swamp drake (Swamp:2)
  3 centaurs
  A bullfrog (D:15)
  2 orc wizards
  3 orcs
  A briar patch (Swamp:4)
  4 fungi
  22 plants
  A starspawn tentacle (Abyss:3)
64 creatures vanquished.

Grand Total: 3147 creatures vanquished

Notes
Turn   | Place    | Note
-------+----------+-------------------------------------------
     0 | D:1      | Peloso the Minotaur Fighter began the quest for the Orb.
     0 | D:1      | Reached XP level 1. HP: 19/19 MP: 0/0
   127 | D:1      | Reached XP level 2. HP: 26/27 MP: 1/1
   241 | D:1      | Reached XP level 3. HP: 33/33 MP: 2/2
   744 | D:2      | Found a shattered altar of Ashenzari.
   880 | D:2      | Found a basalt altar of Yredelemnul.
   883 | D:2      | Reached XP level 4. HP: 40/40 MP: 3/3
  1310 | D:3      | Reached XP level 5. HP: 13/46 MP: 4/4
  1466 | D:3      | Noticed a necrophage
  1478 | D:3      | Killed a necrophage
  1478 | D:3      | Reached skill level 5 in Long Blades
  1478 | D:3      | Reached skill level 5 in Shields
  1525 | D:3      | Noticed Terence
  1539 | D:3      | Killed Terence
  1621 | D:3      | Reached XP level 6. HP: 49/52 MP: 5/5
  1658 | D:3      | Found an ancient bone altar of Kikubaaqudgha.
  1661 | D:3      | Found a white marble altar of Elyvilon.
  1701 | D:3      | Reached skill level 5 in Armour
  1766 | D:3      | Found a radiant altar of Vehumet.
  1767 | D:3      | Found a burning altar of Makhleb.
  1795 | D:3      | Found a hazy altar of Hepliaklqana.
  1937 | D:3      | Found a shadowy altar of Dithmenos.
  2111 | D:3      | Found a runed translucent door.
  2112 | D:3      | Noticed Crazy Yiuf
  2119 | D:3      | Killed Crazy Yiuf
  2296 | D:4      | Reached XP level 7. HP: 58/60 MP: 6/6
  2375 | D:4      | Noticed Pikel
  2394 | D:4      | Killed Pikel
  2394 | D:4      | Reached skill level 5 in Fighting
  2547 | D:4      | Reached XP level 8. HP: 58/68 MP: 7/7
  2585 | D:4      | Found a glowing drain.
  2601 | Sewer    | Entered a sewer
  3026 | D:4      | Found Sixox's Weapon Emporium.
  3170 | D:4      | Found a bloodstained altar of Trog.
  3459 | D:5      | Entered Level 5 of the Dungeon
  3463 | D:5      | Found an ornate altar of the Wu Jian Council.
  3582 | D:5      | Found a sacrificial altar of Ru.
  3750 | D:5      | Noticed Blork the orc
  3758 | D:5      | Killed Blork the orc
  4102 | D:6      | Found Luha's Assorted Antiques.
  4253 | D:6      | Noticed Sigmund
  4270 | D:6      | Killed Sigmund
  4270 | D:6      | Reached skill level 10 in Long Blades
  4270 | D:6      | Reached XP level 9. HP: 78/78 MP: 8/8
  4442 | D:6      | Found an opulent altar of Gozag.
  4446 | D:6      | Found a stormy altar of Qazlal.
  4447 | D:6      | Found a glowing golden altar of the Shining One.
  4653 | D:6      | Found a staircase to the Ecumenical Temple.
  4980 | Temple   | Entered the Ecumenical Temple
  5007 | Temple   | Became a worshipper of Warmaster Okawaru
  5339 | D:7      | Reached * piety under Okawaru
  5343 | D:7      | Reached skill level 1 in Dodging
  5360 | D:7      | HP: 3/79 [poisoned by a killer bee]
  5368 | D:7      | HP: 3/79 [poisoned by a killer bee]
  6711 | D:8      | You fall into a shaft and drop 2 floors!
  6711 | D:10     | Entered Level 10 of the Dungeon
  6724 | D:10     | Noticed a troll
  6749 | D:10     | Killed a troll
  6749 | D:10     | Reached ** piety under Okawaru
  6749 | D:10     | Reached XP level 10. HP: 32/88 MP: 6/9
  6761 | D:10     | Killed an unseen horror
  7242 | D:10     | Reached *** piety under Okawaru
  7872 | D:9      | Received a gift from Okawaru
  7940 | D:9      | Reached skill level 10 in Shields
  8119 | D:9      | Noticed a two-headed ogre
  8132 | D:9      | Killed a two-headed ogre
  8132 | D:9      | Reached **** piety under Okawaru
  8217 | D:9      | Found Vacs's Distillery.
  8504 | D:9      | Noticed a two-headed ogre
  8515 | D:9      | Killed a two-headed ogre
  8515 | D:9      | Reached skill level 10 in Armour
  8515 | D:9      | Reached XP level 11. HP: 81/95 MP: 7/10
  8735 | D:8      | Noticed Harold
  8768 | D:8      | Killed Harold
  8788 | D:8      | Lost intelligence.
  8872 | D:8      | Received a gift from Okawaru
  8919 | D:8      | Found a staircase to the Lair.
  9811 | D:11     | Killed an unseen horror
  9811 | D:11     | Reached skill level 1 in Stealth
 10063 | D:11     | Killed an unseen horror
 10063 | D:11     | Reached ***** piety under Okawaru
 10841 | D:11     | Noticed a three-headed hydra
 10848 | D:11     | Killed a one-headed hydra
 10851 | D:11     | Received a gift from Okawaru
 10979 | Lair:1   | Entered Level 1 of the Lair of Beasts
 10989 | Lair:1   | Noticed an oklob plant
 10989 | Lair:1   | Noticed an oklob plant
 10989 | Lair:1   | Noticed an oklob plant
 10989 | Lair:1   | Noticed an oklob plant
 11083 | Lair:1   | Noticed Nergalle
 11094 | Lair:1   | Killed Nergalle
 11094 | Lair:1   | Reached XP level 12. HP: 106/106 MP: 8/11
 11282 | Lair:1   | Noticed Fannar
 11305 | Lair:1   | Killed Fannar
 11305 | Lair:1   | Reached skill level 10 in Fighting
 11889 | Lair:1   | You fall into a shaft and drop 1 floor!
 11959 | Lair:2   | Reached skill level 1 in Invocations
 12092 | Lair:2   | Found a large runed translucent door.
 12092 | Lair:2   | Found a large runed translucent door.
 12343 | Lair:2   | Noticed Gastronok
 12357 | Lair:2   | Killed Gastronok
 12512 | Lair:2   | HP: 3/108 [electric eel/bolt of electricity (11)]
 12876 | Lair:3   | Received a gift from Okawaru
 13173 | Lair:3   | Noticed a four-headed hydra
 13182 | Lair:3   | Killed a one-headed hydra
 13254 | Lair:3   | Reached skill level 15 in Long Blades
 13340 | Lair:3   | Reached ****** piety under Okawaru
 13765 | Lair:2   | Noticed dragonscale333's ghost (journeyman HOFi)
 14306 | D:12     | Reached XP level 13. HP: 116/116 MP: 10/13
 14437 | D:12     | Found a blossoming altar of Fedhas.
 14517 | D:12     | Found a staircase to the Orcish Mines.
 14911 | D:12     | Reached skill level 5 in Dodging
 15445 | D:12     | Got a smoking dagger
 15901 | D:12     | Received a gift from Okawaru
 15906 | D:12     | Got an iridescent long sword {god gift}
 15907 | D:12     | Identified the +8 long sword of Qinulo {pain, MR++}
                  | (Okawaru gifted it to you on level 12 of the Dungeon)
 16706 | D:13     | Found a gate to the Vaults.
 16745 | D:13     | Reached skill level 15 in Shields
 17614 | Lair:4   | Reached XP level 14. HP: 88/127 MP: 14/14
 17878 | Lair:4   | Found a hole to the Spider Nest.
 18199 | Lair:4   | Found a staircase to the Swamp.
 18978 | Orc:1    | Entered Level 1 of the Orcish Mines
 19018 | Orc:1    | Received a gift from Okawaru
 19025 | Orc:1    | Got a twisted crystal plate armour {god gift}
 19036 | Orc:1    | Identified the +1 crystal plate armour "Epenor" {rF+ rCorr
                  | Str+2} (Okawaru gifted it to you on level 1 of the Orcish
                  | Mines)
 19292 | Orc:2    | Entered Level 2 of the Orcish Mines
 19292 | Orc:2    | Noticed Urug
 20481 | Orc:2    | Killed Urug
 20501 | Orc:2    | Found Taichon's Gadget Shoppe.
 20506 | Orc:2    | Found Lumopex's Weapon Boutique.
 20511 | Orc:2    | Found Mosuamef's Magic Scroll Emporium.
 20512 | Orc:2    | Found Cexezague's Antique Armour Emporium.
 20596 | Orc:2    | Noticed Azrael
 20599 | Orc:2    | Noticed Snorg
 21557 | D:12     | Killed Snorg
 21620 | Orc:2    | Received a gift from Okawaru
 21647 | Orc:2    | Killed Azrael
 21927 | Orc:2    | Bought a scroll of silence for 75 gold pieces
 21927 | Orc:2    | Bought a scroll of random uselessness for 10 gold pieces
 21927 | Orc:2    | Bought a scroll of blinking for 75 gold pieces
 21927 | Orc:2    | Bought a scroll of identify for 20 gold pieces
 21927 | Orc:2    | Bought a scroll of identify for 20 gold pieces
 22206 | Lair:1   | Identified the +6 dagger "Piril" {holy, Dex+3} (You found
                  | it on level 12 of the Dungeon)
 22548 | Orc:2    | Found a staircase to the Elven Halls.
 23006 | Orc:2    | Bought a heavily runed chain mail for 313 gold pieces
 23020 | Orc:2    | Identified the +1 chain mail of Negligence {Dex+6} (You
                  | bought it in a shop on level 2 of the Orcish Mines)
 23030 | Orc:2    | Bought an ancient buckler for 313 gold pieces
 23038 | Orc:2    | Identified the +3 buckler "Jebbi" {rC+} (You bought it in a
                  | shop on level 2 of the Orcish Mines)
 23243 | D:14     | Noticed Rupert
 23257 | D:14     | Killed Rupert
 23257 | D:14     | Reached XP level 15. HP: 21/136 MP: 15/15
 23776 | D:14     | Got a smoking spear
 23862 | D:14     | Noticed Louise
 24354 | D:14     | Killed Louise
 24354 | D:14     | Received a gift from Okawaru
 24938 | D:14     | Identified the ring of the Snail {*Tele *Drain *Slow rElec
                  | Dex+10}
 25105 | D:15     | Entered Level 15 of the Dungeon
 26313 | D:15     | Found a staircase to the Depths.
 26328 | D:15     | Received a gift from Okawaru
 26334 | D:15     | Got an iridescent double sword {god gift}
 26335 | D:15     | Identified the +7 double sword "Naruobig" {pain, *Corrode
                  | rF+ Stlth+} (Okawaru gifted it to you on level 15 of the
                  | Dungeon)
 27197 | Lair:5   | Found a viscous altar of Jiyva.
 27197 | Lair:5   | Found a staircase to the Slime Pits.
 27616 | Lair:6   | Entered Level 6 of the Lair of Beasts
 28245 | Lair:6   | Reached XP level 16. HP: 147/147 MP: 16/16
 28559 | Lair:1   | Identified the +9 spear of Taxation {venom, Str+6 Stlth+}
                  | (You found it on level 14 of the Dungeon)
 28782 | Lair:6   | Received a gift from Okawaru
 28782 | Lair:6   | Reached skill level 15 in Fighting
 28827 | Lair:6   | Got an encrusted long sword {god gift}
 28828 | Lair:6   | Identified the +5 long sword of Piosevag {antimagic, Int+2}
                  | (Okawaru gifted it to you on level 6 of the Lair of Beasts)
 29834 | Lair:2   | Killed dragonscale333's ghost
 30109 | Elf:1    | Entered Level 1 of the Elven Halls
 30125 | Elf:1    | Reached skill level 15 in Armour
 30837 | Elf:1    | Received a gift from Okawaru
 30910 | Elf:1    | Got an ancient ring mail {god gift}
 31177 | Elf:1    | Identified the +0 ring mail "Ruest" {Str+4 Slay+3 SInv}
                  | (Okawaru gifted it to you on level 1 of the Elven Halls)
 31285 | Elf:1    | Identified Vehumet's Collected Works on Battle Magic
 33449 | Elf:2    | Found a runed translucent gate.
 33449 | Elf:2    | Found a runed translucent gate.
 33450 | Elf:2    | Found a runed translucent gate.
 33586 | Elf:3    | Entered Level 3 of the Elven Halls
 33747 | Orc:2    | Bought a scroll of enchant armour for 75 gold pieces
 34066 | Swamp:1  | Entered Level 1 of the Swamp
 34091 | Swamp:1  | Received a gift from Okawaru
 34109 | Swamp:1  | Reached XP level 17. HP: 140/157 MP: 17/17
 34494 | Swamp:1  | Found a transporter.
 34499 | Swamp:1  | Noticed thethe's ghost (adept SpWz)
 34523 | Swamp:1  | Found a transporter.
 34822 | Swamp:1  | Killed thethe's ghost
 34978 | Swamp:1  | Got a translucent leather armour
 34989 | Swamp:1  | Identified the cursed +1 leather armour of Autotheism
                  | {Str+5} (You found it on level 1 of the Swamp)
 35722 | Swamp:2  | Found a basalt altar of Yredelemnul.
 36059 | Swamp:2  | Received a gift from Okawaru
 37053 | Swamp:3  | Identified the Collected Works on Ashen Flight
 37397 | Spider:1 | Entered Level 1 of the Spider Nest
 37400 | Spider:1 | Identified Roxanne's Compendium of the Mountains
 37400 | Spider:1 | Noticed Roxanne
 37423 | Spider:1 | Killed Roxanne
 38262 | Spider:2 | Identified a scroll of acquirement
 39087 | Spider:2 | Reached XP level 18. HP: 159/168 MP: 18/18
 40100 | Spider:3 | Received a gift from Okawaru
 40126 | Spider:3 | Got twisted pearl dragon scales {god gift}
 41029 | Spider:2 | Identified the +1 pearl dragon scales of Purpose {rF- rN+
                  | MR++} (Okawaru gifted it to you on level 3 of the Spider
                  | Nest)
 41777 | Spider:4 | Entered Level 4 of the Spider Nest
 46206 | Spider:4 | Received a gift from Okawaru
 47559 | Spider:4 | Got a gossamer rune of Zot
 47851 | Swamp:4  | Entered Level 4 of the Swamp
 47886 | Swamp:4  | Noticed a tentacled monstrosity
 48664 | Swamp:4  | Killed a tentacled monstrosity
 48664 | Swamp:4  | Received a gift from Okawaru
 48664 | Swamp:4  | Reached XP level 19. HP: 124/177 MP: 19/19
 48690 | Swamp:4  | Got a warped ring mail {god gift}
 48739 | Swamp:4  | Paralysed by the power of Zot for 4 turns
 49106 | Swamp:4  | Got a decaying rune of Zot
 49794 | Lair:1   | Identified the +1 ring mail of the Ancient Coins {rPois rF-
                  | rN+} (Okawaru gifted it to you on level 4 of the Swamp)
 49978 | Vaults:1 | Entered Level 1 of the Vaults
 50116 | Vaults:1 | Noticed Aizul
 50127 | Vaults:1 | Killed Aizul
 50613 | Vaults:1 | Reached skill level 10 in Dodging
 51099 | Vaults:1 | Found Ziucaps's Magic Scroll Shop.
 51107 | Vaults:1 | Bought a scroll of teleportation for 60 gold pieces
 51107 | Vaults:1 | Bought a scroll of magic mapping for 70 gold pieces
 51803 | Vaults:2 | Received a gift from Okawaru
 51804 | Vaults:2 | Found the +5 robe of Night {Dark MR+ SInv}
 52091 | Vaults:2 | Paralysed by a great orb of eyes for 5 turns
 52602 | Vaults:2 | Noticed Donald
 52612 | Vaults:2 | Killed Donald
 52826 | Vaults:2 | Paralysed by a vampire knight for 6 turns
 53743 | Vaults:2 | Found a staircase to the Crypt.
 53858 | Vaults:2 | Reached XP level 20. HP: 189/189 MP: 20/20
 54028 | Vaults:2 | Found Beoxemy's Antique Armour Emporium.
 54122 | Vaults:2 | You fall into a shaft and drop 1 floor!
 54127 | Vaults:3 | Noticed Jory
 54137 | Vaults:3 | Killed Jory
 54211 | Vaults:3 | Received a gift from Okawaru
 54261 | Vaults:3 | Found Masycaxt's Antique Weapon Shop.
 54299 | Vaults:3 | Bought an ebony long sword for 314 gold pieces
 54304 | Vaults:3 | Identified the cursed +1 long sword "Tufaq" {slice, rN++
                  | Dex+3} (You bought it in a shop on level 3 of the Vaults)
 54403 | Vaults:3 | Found the +8 storm bow {elec, penet}
 54408 | Vaults:3 | Noticed a golden dragon
 54430 | Vaults:3 | Found the +3 giant club "Skullcrusher" {speed, Str+7}
 54437 | Vaults:3 | Identified the ring of Cinorabro {+Blink Str+3 Int+4
                  | Slay+3}
 54457 | Vaults:3 | Killed a golden dragon
 55064 | Vaults:3 | Noticed Bai Suzhen
 55074 | Vaults:3 | Killed Bai Suzhen
 55188 | Vaults:2 | Identified the Compendium of Harmful Malediction
 55242 | Vaults:2 | Bought a pair of glowing boots for 180 gold pieces
 55814 | Elf:3    | Found a runed translucent door.
 55815 | Elf:3    | Noticed lenfi's ghost (adept TrMo)
 55852 | Elf:3    | Killed lenfi's ghost
 55852 | Elf:3    | Received a gift from Okawaru
 55855 | Elf:3    | Got a shimmering mace
 56631 | Elf:3    | Identified the +1 ring mail of the Heron {*Drain rPois
                  | Regen+ Dex+5}
 56946 | Elf:3    | Identified the cursed +2 war axe of Jorove {elec, rElec
                  | rF+}
 56946 | Elf:3    | Identified the amulet "Lurphol" {Harm *Drain rPois rN+}
 57182 | Elf:3    | Identified the cursed +0 ring mail of Philately {+Fly MR-
                  | Regen+ Slay+5}
 57200 | Elf:3    | Received a gift from Okawaru
 57228 | Elf:3    | Identified the +7 trident of the Dark Horse {venom, rPois
                  | Int+2}
 57241 | Elf:3    | Identified the +6 flail "Dourijin" {pain, rPois}
 57554 | Elf:3    | Identified the cursed +3 rapier of Purpose {pierce, *Rage
                  | rElec rN+++ SInv}
 57711 | Elf:3    | Reached XP level 21. HP: 68/200 MP: 22/22
 58454 | Lair:1   | Identified the +8 mace of Trial by Ordeal {crush, *Slow
                  | rElec rF++ Str+3} (You found it on level 3 of the Elven
                  | Halls)
 60198 | Vaults:3 | Received a gift from Okawaru
 61057 | Vaults:4 | Found a flickering gateway to a bazaar.
 61073 | Bazaar   | Entered a bazaar
 61073 | Bazaar   | Found Nebloen's Weapon Emporium.
 61073 | Bazaar   | Found Onkaca's Gadget Shoppe.
 61073 | Bazaar   | Found Ediar's Magic Scroll Emporium.
 61075 | Bazaar   | Found Giuret's Armour Shoppe.
 61086 | Bazaar   | Bought a wand of digging (5) for 216 gold pieces
 61086 | Bazaar   | Bought a wand of digging (2) for 144 gold pieces
 61092 | Bazaar   | Bought a scroll of acquirement for 988 gold pieces
 61092 | Bazaar   | Bought a scroll of magic mapping for 66 gold pieces
 61139 | Vaults:4 | Found a ruined gateway.
 61181 | Desolati | Entered the Desolation of Salt
 61750 | Desolati | Received a gift from Okawaru
 61847 | Desolati | Got an ancient large shield {god gift}
 61853 | Desolati | Identified the +6 large shield "Jyciduym" {rElec} (Okawaru
                  | gifted it to you in the Desolation of Salt)
 62020 | Desolati | Got a polished quarterstaff
 62021 | Desolati | Identified the Guide on Sinister Rituals
 62316 | Desolati | Identified the cursed +1 quarterstaff of Okawaru's Envy
                  | {drain, rElec rN+ Str+2} (You found it in the Desolation of
                  | Salt)
 62782 | Desolati | Got a bound steel ring
 62784 | Desolati | Identified the ring of the Many Allies {rN+ Dex+4 SInv}
                  | (You found it in the Desolation of Salt)
 62923 | Desolati | Found the +8 longbow "Zephyr" {speed, Dex+3 SInv}
 62934 | Desolati | Identified the Collected Works on Damaging Clay
 62942 | Desolati | Got a fine glass ring
 62944 | Desolati | Identified the ring of Doubts {rElec rF++ Int+2 Dex-3 SInv}
                  | (You found it in the Desolation of Salt)
 63011 | Desolati | Got a jewelled large shield
 63022 | Desolati | Identified the +0 large shield "Katom" {Str+2} (You
                  | acquired it in the Desolation of Salt)
 63902 | Vaults:4 | Reached skill level 1 in Evocations
 64214 | Vaults:4 | Reached XP level 22. HP: 201/211 MP: 23/23
 64254 | Vaults:4 | Noticed Mennas
 64286 | Vaults:4 | Killed Mennas
 65318 | Vaults:5 | Entered Level 5 of the Vaults
 65450 | Vaults:5 | Noticed an ancient lich
 65467 | Vaults:4 | Received a gift from Okawaru
 65477 | Vaults:4 | Got a translucent scale mail {god gift}
 65488 | Vaults:4 | Identified the +0 scale mail of a Gauntlet {SInv} (Okawaru
                  | gifted it to you on level 4 of the Vaults)
 65982 | Vaults:4 | Killed an ancient lich
 66573 | Vaults:5 | Noticed a golden dragon
 66601 | Vaults:5 | Killed a golden dragon
 66974 | Vaults:5 | Received a gift from Okawaru
 67492 | Vaults:5 | Reached skill level 27 in Shields
 67512 | Vaults:5 | Reached XP level 23. HP: 174/221 MP: 24/24
 67620 | Vaults:5 | Identified the +5 shortbow "Qumaacvi" {speed, *Contam rPois
                  | rF+}
 67636 | Vaults:5 | Identified the cursed +1 demon whip "Gekkuafa" {pain, -Tele
                  | rN++ SInv Stlth+}
 67734 | Vaults:5 | Identified Litiyffinu's Handbook of Earthen
                  | Self-Improvement
 67784 | Vaults:5 | Got a transparent lajatang
 67785 | Vaults:5 | Identified the +4 lajatang of Wogeti {slice, rN+} (You
                  | found it on level 5 of the Vaults)
 67792 | Vaults:5 | Identified the +10 rapier "Zagh" {pierce, rC- Str+3}
 67962 | Vaults:5 | Found Zaaco's Distillery.
 67970 | Vaults:5 | Bought a potion of might for 72 gold pieces
 67970 | Vaults:5 | Bought a potion of heal wounds for 90 gold pieces
 67976 | Vaults:5 | Got a silver rune of Zot
 68423 | Vaults:5 | Found Hopre's Food Emporium.
 68475 | Vaults:5 | Received a gift from Okawaru
 68847 | Vaults:5 | Gained mutation: Your magical capacity is low. (-10% MP) [a
                  | shining eye]
 69367 | Vaults:5 | Got an ichor-stained shield {god gift}
 69378 | Vaults:5 | Identified the +3 shield of Fegufer {-Cast rElec rCorr
                  | Int+5} (Okawaru gifted it to you on level 5 of the Vaults)
 69392 | Vaults:5 | Found Amapn's Distillery.
 69395 | Vaults:5 | Found Guidue's Distillery.
 69411 | Vaults:5 | Found Mouplac's Distillery.
 69411 | Vaults:5 | Found Uwyxops's Food Emporium.
 69414 | Vaults:5 | Found Iclexedu's Magic Scroll Shoppe.
 69436 | Vaults:5 | Bought a scroll of magic mapping for 35 gold pieces
 69514 | Vaults:5 | Found Huluuv's Distillery.
 69528 | Vaults:5 | Found Kyhuh's Food Shoppe.
 69667 | Vaults:5 | Got a steaming quarterstaff
 69668 | Vaults:5 | Identified the cursed +1 quarterstaff of Wyrd {drain, +Inv
                  | Str+4} (You found it on level 5 of the Vaults)
 69674 | Vaults:5 | Got a polished large shield
 69685 | Vaults:5 | Identified the +4 large shield "Linad" {rPois Regen+ Int+4
                  | Dex-2} (You acquired it on level 5 of the Vaults)
 70414 | Elf:2    | Got an ancient plate armour
 70425 | Elf:2    | Identified the cursed +0 plate armour "Luvvet" {rN+++ MR+
                  | Dex-3 Slay+2} (You found it on level 2 of the Elven Halls)
 70827 | Vaults:5 | Identified a +1 pair of boots of running (Okawaru gifted it
                  | to you on level 5 of the Vaults)
 71425 | Crypt:1  | Entered Level 1 of the Crypt
 71898 | Crypt:1  | You fall into a shaft and drop 1 floor!
 72214 | Crypt:1  | Received a gift from Okawaru
 73327 | Crypt:2  | Reached XP level 24. HP: 235/235 MP: 21/21
 73335 | Crypt:2  | Received a gift from Okawaru
 73583 | Crypt:3  | Entered Level 3 of the Crypt
 73791 | Crypt:3  | Found a staircase to the Tomb.
 74004 | Crypt:3  | Found a basalt altar of Yredelemnul.
 74065 | Crypt:3  | Found the +7 Spriggan's Knife {stab, EV+4 Stlth+}
 74548 | Crypt:3  | Noticed an ancient lich
 74548 | Crypt:3  | Noticed an ancient lich
 74554 | Crypt:3  | Noticed an ancient lich
 74566 | Crypt:3  | Killed an ancient lich
 74566 | Crypt:3  | Received a gift from Okawaru
 74577 | Crypt:3  | Killed an ancient lich
 74583 | Crypt:3  | Killed an ancient lich
 74611 | Crypt:3  | Identified Otrymoxe's Papyrus of Dark Rituals
 74627 | Crypt:3  | Got a polished scale mail
 74638 | Crypt:3  | Identified the +1 scale mail of the Doldrums {rF+} (You
                  | found it on level 3 of the Crypt)
 74672 | Crypt:3  | Found an ancient bone altar of Kikubaaqudgha.
 75415 | Depths:1 | Entered Level 1 of the Depths
 75415 | Depths:1 | Found a corrupted altar of Lugonu.
 75416 | Depths:1 | Found a one-way gate to the infinite horrors of the Abyss.
 75448 | Depths:1 | Found a gateway to Hell.
 75678 | Depths:1 | Found a one-way gate leading to the halls of Pandemonium.
 75686 | Depths:1 | Gained mutation: Armour fits poorly on your strangely
                  | shaped body. [a cacodemon]
 76239 | Depths:1 | Found Piucor's Gadget Shoppe.
 76239 | Depths:1 | Found Mousogof's Jewellery Shop.
 76240 | Depths:1 | Found Hychenig's Jewellery Shop.
 76248 | Depths:1 | Bought the amulet of the Four Winds {rN+ MR+++ Clar} for
                  | 746 gold pieces
 76248 | Depths:1 | Found the amulet of the Four Winds {rN+ MR+++ Clar}
 76261 | Depths:1 | Bought the ring of a Thousand Wonders {rPois Str+7 Stlth+}
                  | for 756 gold pieces
 76322 | Depths:1 | Found a snail-covered altar of Cheibriados.
 76579 | Depths:2 | Noticed Agnes
 76579 | Depths:2 | Noticed Sojobo
 76595 | Depths:2 | Killed Agnes
 76638 | Depths:2 | Killed Sojobo
 76638 | Depths:2 | Received a gift from Okawaru
 76641 | Depths:2 | Got a pair of brightly glowing gloves {god gift}
 76652 | Depths:2 | Identified the +2 pair of gloves "Xapuiv" {rF+ Regen+
                  | Dex+3} (Okawaru gifted it to you on level 2 of the Depths)
 77737 | Depths:2 | Reached XP level 25. HP: 236/247 MP: 21/21
 77810 | Depths:2 | Identified the Reference Book on Flight
 77813 | Depths:2 | Identified Sif Muna's Incunabulum of the Rocks
 77938 | Depths:3 | Found a gateway to a ziggurat.
 78415 | Depths:3 | Received a gift from Okawaru
 79211 | Depths:4 | Found Gozag's Antique Armour Boutique.
 79212 | Depths:4 | Found Gozag's Antique Weapon Shop.
 79216 | Depths:4 | Found an opulent altar of Gozag.
 79233 | Depths:4 | Found Gozag's Antique Armour Shop.
 80218 | Depths:5 | Entered Level 5 of the Depths
 80279 | Depths:5 | Got a pair of transparent boots
 80283 | Depths:5 | Identified the +0 pair of boots of Jyroigy {+Fly rF+} (You
                  | acquired it on level 5 of the Depths)
 80325 | Depths:5 | Found a gate to the Realm of Zot.
 80368 | Depths:5 | Received a gift from Okawaru
 80369 | Depths:5 | Found the +7 Singing Sword {slice, sonic wave}
 81474 | Depths:5 | Found a shattered altar of Ashenzari.
 82260 | Slime:1  | Entered Level 1 of the Pits of Slime
 82298 | Slime:1  | Reached XP level 26. HP: 255/261 MP: 17/21
 82329 | Slime:2  | Gained mutation: You are clumsy. (Dex -2) [a shining eye]
 82332 | Slime:2  | Gained mutation: You are weak. (Str -2) [a shining eye]
 82333 | Slime:2  | Gained mutation: You evolve. [a shining eye]
 82576 | Slime:5  | Entered Level 5 of the Pits of Slime
 82615 | Slime:5  | Gained mutation: You tend to lose your temper in combat. [a
                  | shining eye]
 82617 | Slime:5  | Gained mutation: You are very weak. (Str -4) [a shining
                  | eye]
 82618 | Slime:5  | Lost mutation: You are clumsy. (Dex -2) [a shining eye]
 82627 | Slime:5  | Gained mutation: You are dopey. (Int -2) [a shining eye]
 82628 | Slime:5  | Received a gift from Okawaru
 82650 | Slime:4  | Gained mutation: Potions are less effective at restoring
                  | your health. [a shining eye]
 82797 | Slime:5  | Noticed the Royal Jelly
 82924 | Slime:5  | Gained mutation: You do not regenerate when monsters are
                  | visible. [a shining eye]
 82929 | Slime:5  | Gained mutation: Your body sometimes deteriorates upon
                  | taking damage. [a shining eye]
 82931 | Slime:5  | Killed the Royal Jelly
 83181 | Slime:5  | Got a slimy rune of Zot
 83247 | Slime:5  | Identified the Tome of Boosts and the Rocks
 83250 | Slime:5  | Got a faintly glowing platinum ring
 83308 | Slime:5  | Received a gift from Okawaru
 83314 | Slime:5  | Got a translucent plate armour
 83315 | Slime:5  | Identified the +10 plate armour "Watichiy" {Dex+4} (You
                  | found it on level 5 of the Pits of Slime)
 83316 | Slime:5  | Identified the ring of Camp {*Tele rF- rC+ Str+2 Int+3}
                  | (You found it on level 5 of the Pits of Slime)
 83324 | Slime:5  | Got a crude morningstar
 83326 | Slime:5  | Identified the +5 morningstar of the Walnut {protect, Str+4
                  | Int+4} (You found it on level 5 of the Pits of Slime)
 83349 | Slime:5  | Got a pitted dire flail
 83350 | Slime:5  | Identified the +10 dire flail "Jellyslayer" {crush, MR+}
                  | (You found it on level 5 of the Pits of Slime)
 83495 | Lair:1   | Lost mutation: You tend to lose your temper in combat.
                  | [potion of mutation]
 83495 | Lair:1   | Lost mutation: Your magical capacity is low. (-10% MP)
                  | [potion of mutation]
 83495 | Lair:1   | Lost mutation: Your body sometimes deteriorates upon taking
                  | damage. [potion of mutation]
 83495 | Lair:1   | Lost mutation: You are dopey. (Int -2) [potion of mutation]
 83495 | Lair:1   | Gained mutation: Your body sometimes deteriorates upon
                  | taking damage. [potion of mutation]
 83495 | Lair:1   | Gained mutation: You expend magic power (3 MP) to
                  | strengthen your wands. [potion of mutation]
 83496 | Lair:1   | Lost mutation: Your body sometimes deteriorates upon taking
                  | damage. [potion of mutation]
 83496 | Lair:1   | Lost mutation: You expend magic power (3 MP) to strengthen
                  | your wands. [potion of mutation]
 83496 | Lair:1   | Lost mutation: You are very weak. (Str -4) [potion of
                  | mutation]
 83496 | Lair:1   | Lost mutation: You do not regenerate when monsters are
                  | visible. [potion of mutation]
 83496 | Lair:1   | Gained mutation: Your system is resistant to poisons.
                  | (rPois) [potion of mutation]
 83496 | Lair:1   | Lost mutation: Your system is resistant to poisons. (rPois)
                  | [potion of mutation]
 83496 | Lair:1   | Gained mutation: You have supernaturally acute eyesight.
                  | (SInv) [potion of mutation]
 83496 | Lair:1   | Gained mutation: You have a pair of large horns on your
                  | head. [potion of mutation]
 83497 | Lair:1   | Lost mutation: Armour fits poorly on your strangely shaped
                  | body. [potion of mutation]
 83497 | Lair:1   | Lost mutation: Potions are less effective at restoring your
                  | health. [potion of mutation]
 83497 | Lair:1   | Lost mutation: You are weak. (Str -2) [potion of mutation]
 83497 | Lair:1   | Gained mutation: You possess an exceptional clarity of
                  | mind. [potion of mutation]
 83497 | Lair:1   | Lost mutation: You possess an exceptional clarity of mind.
                  | [potion of mutation]
 83497 | Lair:1   | Gained mutation: You are occasionally teleported next to
                  | monsters. [potion of mutation]
 83497 | Lair:1   | Gained mutation: You passively map a small area around you.
                  | [potion of mutation]
 83498 | Lair:1   | Lost mutation: You have supernaturally acute eyesight.
                  | (SInv) [potion of mutation]
 83498 | Lair:1   | Lost mutation: You have a pair of large horns on your head.
                  | [potion of mutation]
 83498 | Lair:1   | Lost mutation: You passively map a small area around you.
                  | [potion of mutation]
 83498 | Lair:1   | Lost mutation: You are occasionally teleported next to
                  | monsters. [potion of mutation]
 83498 | Lair:1   | Gained mutation: You are agile. (Dex +2) [potion of
                  | mutation]
 84028 | Zot:1    | Entered Level 1 of the Realm of Zot
 84060 | Zot:1    | Reached skill level 27 in Fighting
 84180 | Zot:1    | Reached skill level 27 in Long Blades
 84448 | Zot:1    | Received a gift from Okawaru
 84561 | Zot:1    | Found a runed translucent door.
 84562 | Zot:1    | Noticed Kexkiarone's ghost (legendary HOMo)
 85243 | Zot:1    | Killed Kexkiarone's ghost
 85243 | Zot:1    | Reached skill level 5 in Invocations
 85482 | Zot:2    | Reached XP level 27. HP: 253/272 MP: 25/25
 86175 | Zot:3    | Noticed an orb of fire
 86177 | Zot:3    | Gained mutation: You are weak. (Str -2) [an orb of fire]
 86383 | Zot:3    | Gained mutation: Potions are less effective at restoring
                  | your health. [an orb of fire]
 86384 | Zot:3    | Received a gift from Okawaru
 86386 | Zot:3    | Killed an orb of fire
 86661 | Zot:3    | Reached skill level 5 in Stealth
 86663 | Zot:3    | Received a gift from Okawaru
 88049 | Zot:4    | Reached skill level 27 in Armour
 88221 | Zot:5    | Entered Level 5 of the Realm of Zot
 88509 | Zot:5    | Received a gift from Okawaru
 88509 | Zot:5    | Reached skill level 10 in Invocations
 88752 | Zot:5    | Noticed an ancient lich
 88766 | Zot:5    | Killed an ancient lich
 88776 | Zot:5    | Identified the Grimoire of Torrid Toxins
 88862 | Zot:5    | Noticed an ancient lich
 88872 | Zot:5    | Killed an ancient lich
 88874 | Zot:5    | Received a gift from Okawaru
 88882 | Zot:5    | Noticed an orb of fire
 88898 | Zot:5    | Killed an orb of fire
 88900 | Zot:5    | Noticed an ancient lich
 88911 | Zot:5    | Killed an ancient lich
 89467 | Zot:5    | Received a gift from Okawaru
 89507 | Zot:5    | Reached skill level 15 in Invocations
 89513 | Zot:5    | Noticed an orb of fire
 89516 | Zot:5    | Gained mutation: You do not regenerate when monsters are
                  | visible. [an orb of fire]
 89529 | Zot:5    | Gained mutation: You are very weak. (Str -4) [an orb of
                  | fire]
 89530 | Zot:5    | Killed an orb of fire
 89578 | Zot:5    | Noticed an orb of fire
 89581 | Zot:5    | Gained mutation: Your magical capacity is low. (-10% MP)
                  | [an orb of fire]
 89583 | Zot:5    | Gained mutation: Scrolls take you a little longer to read.
                  | [an orb of fire]
 89590 | Zot:5    | Killed an orb of fire
 90917 | D:6      | Bought a scroll of magic mapping for 91 gold pieces
 91057 | D:9      | Bought a potion of might for 52 gold pieces
 91057 | D:9      | Bought a potion of haste for 130 gold pieces
 91057 | D:9      | Bought a potion of mutation for 104 gold pieces
 91057 | D:9      | Bought a potion of mutation for 104 gold pieces
 91903 | Orc:2    | Bought emerald-studded storm dragon scales for 2805 gold
                  | pieces
 91917 | Orc:2    | Identified the +9 storm dragon scales "Jausesiz" {rElec rC+
                  | rN+ Regen+ Int+3} (You bought it in a shop on level 2 of
                  | the Orcish Mines)
 92543 | Depths:3 | Voluntarily entered the Abyss.
 92715 | Abyss:1  | Gained mutation: You expend magic power (3 MP) to
                  | strengthen your wands. [a neqoxec]
 92718 | Abyss:1  | Gained mutation: Your magical capacity is very low. (-20%
                  | MP) [a neqoxec]
 92868 | Abyss:2  | Found a corrupted altar of Lugonu.
 93236 | Abyss:3  | Found a corrupted altar of Lugonu.
 93267 | Abyss:3  | Gained mutation: Scrolls take you longer to read. [a
                  | neqoxec]
 93568 | Abyss:3  | Reached skill level 10 in Stealth
 93602 | Abyss:3  | Found a corrupted altar of Lugonu.
 94006 | Abyss:3  | Received a gift from Okawaru
 94183 | Depths:3 | Escaped the Abyss
 94200 | Depths:3 | Lost mutation: You are agile. (Dex +2) [potion of mutation]
 94200 | Depths:3 | Lost mutation: You do not regenerate when monsters are
                  | visible. [potion of mutation]
 94200 | Depths:3 | Gained mutation: You are frail. (-10% HP) [potion of
                  | mutation]
 94200 | Depths:3 | Gained mutation: You have large cloven feet. [potion of
                  | mutation]
 94201 | Depths:3 | Lost mutation: You evolve. [potion of mutation]
 94201 | Depths:3 | Gained mutation: You occasionally shout uncontrollably at
                  | your foes. [potion of mutation]
 94201 | Depths:3 | Gained mutation: You are covered in fur. (AC +1) [potion of
                  | mutation]
 94202 | Depths:3 | Lost mutation: Your magical capacity is very low. (-20% MP)
                  | [potion of mutation]
 94202 | Depths:3 | Gained mutation: You evolve. [potion of mutation]
 94204 | Depths:3 | Lost mutation: You are covered in fur. (AC +1) [potion of
                  | mutation]
 94204 | Depths:3 | Lost mutation: Scrolls take you longer to read. [potion of
                  | mutation]
 94204 | Depths:3 | Lost mutation: You are very weak. (Str -4) [potion of
                  | mutation]
 94204 | Depths:3 | Gained mutation: You possess an exceptional clarity of
                  | mind. [potion of mutation]
 94502 | Lair:1   | Lost mutation: You occasionally shout uncontrollably at
                  | your foes. [potion of mutation]
 94502 | Lair:1   | Lost mutation: You expend magic power (3 MP) to strengthen
                  | your wands. [potion of mutation]
 94502 | Lair:1   | Lost mutation: You are frail. (-10% HP) [potion of
                  | mutation]
 94502 | Lair:1   | Gained mutation: You rapidly evolve. [potion of mutation]
 94503 | Lair:1   | Lost mutation: Your magical capacity is low. (-10% MP)
                  | [potion of mutation]
 94503 | Lair:1   | Gained mutation: You have a somewhat thin skeletal
                  | structure. (Dex +2, Stealth) [potion of mutation]
 95650 | Zig:1    | Entered Level 1 of a ziggurat
 95722 | Pan      | Entered Pandemonium
 96021 | Pan      | Noticed Ramob the pandemonium lord
 96033 | Pan      | Killed Ramob the pandemonium lord
 96871 | Pan      | Received a gift from Okawaru
 96948 | Pan      | Noticed Buownym the pandemonium lord
 96959 | Pan      | Gained mutation: Scrolls take you longer to read. [a
                  | cacodemon]
 96970 | Pan      | Killed Buownym the pandemonium lord
 96991 | Pan      | Got a demonic rune of Zot
 97287 | Pan      | Gained mutation: You occasionally shout uncontrollably at
                  | your foes. [a cacodemon]
 97516 | Pan      | Noticed Lyklig the pandemonium lord
 97520 | Pan      | HP: 13/273 [hellion/damnation (35)]
 97532 | Pan      | HP: 7/273 [Lyklig the pandemonium lord (25)]
 97884 | Pan      | Killed Lyklig the pandemonium lord
 98239 | Pan      | Gained mutation: You are clumsy. (Dex -2) [a neqoxec]
 98431 | Pan      | Reached skill level 15 in Dodging
 98666 | Pan      | HP: 8/273 [hellion/damnation (41)]
 98666 | Pan      | Killed from afar by a hellion

Levels and vault maps discovered:
D:1:      eino_arrival_tree_alley, layout_rooms, minmay_domino_2
D:2:      layout_loops_ring, yredelemnul_altar_generic,
          lemuel_coloured_pillars_altar
D:3:      layout_loops_ring, grunt_temple_overflow_lords_of_destruction,
          old_standard_altar, grunt_temple_overflow_open, first_ration,
          nicolae_dithmenos_through_a_glass_darkly, uniq_crazy_yiuf_cottage,
          uniq_terence
D:4:      layout_loops_cross, serial_shops, kennysheep_little_box,
          cheibrodos_sewer_entry_bend, glass_columns_a, grunt_ministairs_5,
          trog_eyes_of_draining, uniq_pikel
D:5:      layout_cave_pools, lemuel_crystal_altar, lemuel_round_altar,
          uniq_blork_the_orc
D:6:      layout_cave_pods, minitemple, minmay_temple_entry_fiery, serial_shops,
          shop, uniq_sigmund
D:7:      layout_basic
D:8:      layout_basic, erik_lair_island, uniq_harold
D:9:      layout_loops_ring, serial_shops, kennysheep_mini
D:10:     layout_roguey
D:11:     layout_roguey, hangedman_ranch [blue_anna_fruit_fields]
D:12:     minmay_quarter_circles, layout_loops_ring, special_room
          [special_room_bee], basic_altar, roderic_lattice_a
D:13:     layout_irregular_city, grunt_vaults_entry_tiered
D:14:     minmay_the_grid_octo_tiled_octocenter [minmay_the_grid_octo_empty,
          minmay_the_grid_octo_checkered, minmay_the_grid_octo_vomiting_pacman,
          minmay_the_grid_octo_empty, minmay_the_grid_octo_prize_single_spiral,
          minmay_the_grid_square_5x5_inner_i,
          minmay_the_grid_square_5x5_beaten_path,
          minmay_the_grid_square_5x5_bracketed,
          minmay_the_grid_square_5x5_minimal], layout_loops_cross,
          minmay_misc_feat_columns, uniq_louise, uniq_rupert
D:15:     gammafunk_enter_depths_forms, layout_long_grid, minivault_27,
          hangedman_decor_lopped, nicolae_lava_and_water,
          hangedman_decor_clover_reticule, lemuel_flamethrower_3
Temple:   cyrus_temple_forest
Lair:1:   layout_cave_pods, minmay_lair_oklob_chamber, serial_bayou_shore_b,
          grunt_megastairs_4, lemuel_fruit_fields, uniq_fannar, uniq_nergalle
Lair:2:   layout_loops_ring, ebering_ghost_disaster_area, serial_bayou_shore_a,
          uniq_gastronok
Lair:3:   layout_cave_pods, chequers_serial_rivers_micro_d
Lair:4:   layout_concentric_octagons, palyth_hydra_swamp_entry,
          nicolae_spider_entry_orb_guardian, grunt_megastairs_5
Lair:5:   layout_regular_city, slime_altar_1, infiniplex_staircase_pool
Lair:6:   minmay_lair_end_frog_pond, layout_cave_pods, st_stairs_3
Swamp:1:  layout_falls_marsh, gammafunk_ghost_mausoleum,
          evilmike_swamp_ruin_house_2
Swamp:2:  layout_basic_swamp, serial_swamp_ruin, evilmike_swamp_ruin_house_4,
          evilmike_swamp_ruin_rubble_1, swamp_pool1, grunt_ruined_hall
Swamp:3:  layout_basic_swamp, hangedman_swamp_lotus
Swamp:4:  swamp, layout_basic_swamp
Spider:1: layout_spider_delve, spiders_nest_spider_trap, uniq_roxanne
Spider:2: layout_spider_delve, guppyfry_hornet_nest
Spider:3: layout_chambers, drop_trap, guppyfry_spider_mini_1
Spider:4: floodkiller_spider_rune_tomb, drop_trap, hangedman_stitches_earthworm
Slime:1:  layout_caves, basic_altar
Slime:2:  layout_caves
Slime:3:  layout_caves
Slime:4:  layout_caves
Slime:5
Orc:1:    layout_caves
Orc:2:    st_orc_open, layout_caves, uniq_snorg, uniq_urug, uniq_azrael
Elf:1:    eino_elf_arrival_sip, layout_geoelf_grid, minmay_elf_sorcery
Elf:2:    layout_geoelf_octagon, due_unseen_surprise, uniq_agnes
Elf:3:    minmay_elf_hall_x, layout_geoelf_diagonals, gammafunk_ghost_grave,
          drop_trap
Vaults:1: nicolae_vaults_little_squares_4, v_misc_5,
          nicolae_vaults_border_crossing, ontoclasm_vaults_shuriken,
          ontoclasm_vaults_loading_screen, vaults_room_grunt_arrival_checkpoint,
          grunt_vaults_funnel, ontoclasm_vaults_loading_screen,
          ontoclasm_vaults_gateway, layout_vaults_chaotic_city, serial_shops,
          shop_statue, uniq_aizul
Vaults:2: vaults_room_semicircle, vaults_room_door_hall,
          minmay_crypt_entry_simple_walls, hangedman_vaults_snaps,
          ontoclasm_vaults_misaligned, hangedman_vaults_stagger,
          nicolae_vaults_meeting, hangedman_vaults_cutoff,
          vaults_standard_mumra_enter_the_diamond, v_misc_5,
          grunt_vaults_hallway_long, grunt_vaults_bifocal,
          vaults_dpeg_encased_lava, nicolae_vaults_diagonal_hallway_6,
          layout_vaults_ring, serial_shops, shop, uniq_donald
Vaults:3: minmay_guarded_unrand_secular_launcher, ontoclasm_vaults_pinch,
          vaults_mumra_hexcomb, nicolae_vaults_network_s,
          dpeg_vaults_monster_box, v_misc_9, v_alt_pattern_5,
          nicolae_vaults_network_quincunx
          [nicolae_vaults_network_quincunx_subvault,
          nicolae_vaults_network_quincunx_subvault,
          nicolae_vaults_network_quincunx_subvault,
          nicolae_vaults_network_quincunx_subvault,
          nicolae_vaults_network_quincunx_subvault], ontoclasm_vaults_bender,
          nicolae_vaults_shelves_hall, layout_vaults_omnibox, serial_shops,
          shop, uniq_jory, uniq_bai_suzhen
Vaults:4: v_pattern_5, ontoclasm_vaults_tryst, nicolae_vaults_alarming,
          nicolae_vaults_big_angled_halls, nicolae_vaults_little_squares_6,
          nicolae_vaults_specimen_jars, layout_vaults_quadrants,
          portal_desolation_entry_garden, serial_shops, bzr_entry_customers,
          uniq_mennas
Vaults:5
Crypt:1:  minmay_skeleton_keep, layout_chaotic_city, nicolae_crypt_soggy_tomb,
          grunt_crypt_arrival_guarded_gate
Crypt:2:  layout_gridlike, minmay_misc_feat_ornament, grunt_megastairs_2
Crypt:3:  david_glass_crypt, layout_misc_corridors, hangedman_feature_mirror
Depths:1: layout_roguey, grunt_pan_entry_in_and_out, serial_bayou_pond_c,
          abyss_entry_flame_altar, hell_entry, nrook_mini_backslash,
          cheibriados_altar_1, minmay_shop_grove
Depths:2: mu_elemental_laboratory, layout_small_grid, grunt_hell_horde,
          abyss_entry, sword_in_stone
Depths:3: kennysheep_room_grid, layout_cave_shapes, enter_ziggurat_f,
          pf_coc_iceberg, rand_demon_pan_entry_9, abyss_entry,
          kennysheep_doodads
Depths:4: kennysheep_gozag_temple, layout_cave_shapes,
          chequers_serial_rivers_large_a, abyss_entry, hell_entry, st_stairs_1,
          minmay_staircase_windowed_large, serial_bayou_shore_b
Depths:5: grunt_crosshair, layout_basic, grunt_hell_entry_dis_grunt,
          evilmike_ruin_ashenzari
Zot:1:    layout_cathedral_of_symmetry, ebering_ghost_inner_flame,
          bh_zot_levy_curve, zot_minivault_8
Zot:2:    layout_gridlike, grunt_megastairs_1
Zot:3:    layout_misc_corridors, evilmike_ambush [evilmike_ambush_outer_pillars,
          evilmike_ambush_inner_basic]
Zot:4:    layout_gridlike
Zot:5:    layout_basic, st_stairs_2
Pan:      nicolae_pan_diamonds, layout_basic, pan_blood_fountain_small,
          grunt_pan_spiral, layout_gridlike, lemuel_hellion_island,
          layout_long_grid

Skill      XL: |  1  2  3  4  5  6  7  8  9 10 11 12 13 14 15 16 17 18 19 20 21 22 23 24 25 26 27 |
---------------+----------------------------------------------------------------------------------+-----
Armour         | 4 5 6 7 10 11 12 13 14 16 17 18 19 20 21 24 27 | 27.0
Shields        | 4 5 6 7 9 10 12 13 15 17 18 20 21 22 23 24 25 27 | 27.0
Long Blades    | 3 4 5 7 10 11 12 14 15 16 17 18 19 20 21 22 23 24 26 27 | 27.0
Fighting       | 4 5 6 7 8 9 11 12 13 14 15 16 17 18 19 20 21 23 24 26 27 | 27.0
Dodging        | 1 2 4 6 7 9 10 15 | 15.1
Stealth        | 1 2 3 4 12 | 12.4
Invocations    | 1 2 5 17 | 17.3
Evocations     | 1 2 |  2.1

Action                   |  1- 3 |  4- 6 |  7- 9 | 10-12 | 13-15 | 16-18 | 19-21 | 22-24 | 25-27 || total
-------------------------+-------+-------+-------+-------+-------+-------+-------+-------+-------++-------
Melee: Long sword        |   102 |   178 |   459 |   868 |  1297 |   317 |       |       |       ||  3221
       Headbutt          |     9 |    31 |    93 |   208 |   392 |   438 |   357 |   517 |   700 ||  2745
       Double sword      |       |       |       |       |   131 |   977 |  1202 |  1561 |  2076 ||  5947
       Scimitar          |       |       |       |       |    19 |   307 |       |       |       ||   326
Invok: Heroism           |       |       |     1 |    12 |    13 |     4 |     3 |       |     8 ||    41
       Finesse           |       |       |       |       |       |       |       |       |     3 ||     3
Evoke: Wand              |       |       |       |    16 |       |       |     5 |     3 |     6 ||    30
  Use: Potion            |     1 |     1 |     4 |     4 |     4 |     4 |       |       |    18 ||    36
       Scroll            |       |       |     7 |     8 |    13 |    19 |     5 |    13 |    15 ||    80
 Stab: Sleeping          |       |       |       |       |       |     9 |       |       |     4 ||    13
       Confused          |       |       |       |       |       |     3 |       |       |       ||     3
       Distracted        |       |       |       |       |       |     2 |       |       |     5 ||     7
  Eat: Chunk             |       |     4 |    15 |    17 |    32 |    59 |    36 |    20 |    28 ||   211
       Ration            |       |       |       |     3 |     4 |    11 |     4 |     6 |    12 ||    40
Armor: Scale mail        |    47 |       |       |   220 |   192 |       |       |       |       ||   459
       Plate armour      |    30 |   123 |   273 |    86 |       |       |       |   105 |       ||   617
       Skin              |       |       |       |     1 |       |       |       |       |       ||     1
       Crystal plate arm |       |       |       |       |   579 |   373 |   332 |   361 |   563 ||  2208
       Swamp dragon scal |       |       |       |       |       |   472 |    35 |       |       ||   507
       Gold dragon scale |       |       |       |       |       |       |    98 |       |       ||    98
       Storm dragon scal |       |       |       |       |       |       |       |       |   165 ||   165
Dodge: Dodged            |    31 |    21 |    85 |   215 |   543 |   781 |   281 |   321 |   672 ||  2950
Block: Shield            |    57 |    83 |   229 |   494 |   915 |       |       |   940 |   989 ||  3707
       Reflection        |       |       |       |     4 |    55 |    33 |   126 |    57 |       ||   275
       Buckler           |       |       |       |       |   340 |  1551 |   796 |       |       ||  2687
       Large shield      |       |       |       |       |       |       |   195 |  1006 |  1301 ||  2502
       Rpst.: Long sword |     6 |     8 |    27 |    52 |    81 |    18 |       |       |       ||   192
       Double sword      |       |       |       |       |    26 |   101 |    53 |    54 |   108 ||   342
       Scimitar          |       |       |       |       |     2 |    13 |       |       |       ||    15
